AoeStats
← El Don Natas

Arabia

509237338Analyzed
2v2 RM · 7d ago on Sep 26, 2026· 80m 35s· 4 players
Game mode
Random Map
Map size
Medium (4 player)
Population
200
Speed
Normal
Resources
Standard
Victory
Conquest
Starting age
Dark Age
Ending age
Imperial Age
RankedLock teamsTeams togetherTeam positionsShared explorationLock speedFull tech treeHidden civsTurbo modeCheats
Victory
Defeat
🇧🇷 Huns · Brazil
1074
+17
🇹🇼 Danes · Taiwan
1067
+17
🇨🇱 Berbers · Chile
1090
-17
🇨🇱 Britons · Chile
1085
-17
sky_wu
1:29 Loom
10:21 Feudal Age
17:32 Fishing Lines
18:07 Double-Bit Axe
23:50 Double-Bit Axe
26:43 Castle Age
30:28 Murder Holes
30:54 Ballistics
32:20 Bow Saw
36:30 Horse Collar
36:45 Gillnets
36:47 Stone Mining
36:47 Gold Mining
38:15 Arson
38:31 Squires
38:16 Gambesons
40:13 Wheelbarrow
40:22 Gold Shaft Mining
40:25 Stone Shaft Mining
44:02 Imperial Age
42:41 Wheelbarrow
42:07 Hamask
42:53 Scale Mail Armor
43:03 Forging
45:06 Conscription
45:58 Chain Mail Armor
46:18 Iron Casting
45:43 Elite Varangian Guard
47:12 Plate Mail Armor
47:02 Hand Cart
46:50 Heavy Plow
48:27 Elite Varangian Guard
51:18 Blast Furnace
58:06 Elite Jomsviking
59:26 Cranequins
60:11 Thumb Ring
59:27 Heavy Mounted Crossbowman
65:29 Husbandry
65:40 Bloodlines
64:51 Light Cavalry
65:38 Husbandry
64:59 Light Cavalry
65:24 Elite Skirmisher
66:16 Scale Barding Armor
66:02 Fletching
66:12 Padded Archer Armor
66:20 Light Cavalry
67:01 Husbandry
68:07 Caravan
69:32 Chain Barding Armor
73:48 Plate Barding Armor
76:45 Leather Archer Armor
76:25 Bodkin Arrow
Mandinga
6:52 Loom
9:41 Feudal Age
10:33 Double-Bit Axe
10:29 Horse Collar
16:43 Wheelbarrow
18:13 Town Watch
21:24 Castle Age
20:08 Scale Barding Armor
20:37 Fletching
21:46 Padded Archer Armor
21:28 Elite Skirmisher
23:37 Bloodlines
24:04 Gold Mining
29:46 Ballistics
33:42 Leather Archer Armor
34:09 Bodkin Arrow
37:19 Hand Cart
37:20 Thumb Ring
40:45 Imperial Age
41:34 Bracer
42:37 Chemistry
42:25 Parthian Tactics
44:16 Conscription
46:03 Murder Holes
52:14 Chain Barding Armor
54:27 Plate Barding Armor
54:03 Forging
53:56 Heavy Cavalry Archer
56:31 Husbandry
57:41 Light Cavalry
59:00 Iron Casting
59:40 Hussar
64:36 Blast Furnace
El Don Natas
6:19 Loom
9:05 Feudal Age
9:42 Double-Bit Axe
17:41 Wheelbarrow
20:52 Castle Age
19:23 Horse Collar
19:36 Gold Mining
19:38 Stone Mining
22:07 Bow Saw
22:05 Heavy Plow
22:21 Bloodlines
22:12 Husbandry
23:26 Light Cavalry
25:04 Forging
30:03 Iron Casting
29:34 Scale Barding Armor
30:52 Gold Shaft Mining
30:52 Stone Shaft Mining
30:54 Hand Cart
33:24 Chain Barding Armor
37:23 Town Watch
38:17 Fletching
38:28 Padded Archer Armor
38:52 Town Patrol
40:10 Bodkin Arrow
43:41 Imperial Age
42:55 Ballistics
42:33 Murder Holes
44:17 Caravan
44:59 Conscription
44:33 Cavalier
44:35 Hussar
46:34 Blast Furnace
46:53 Plate Barding Armor
48:19 Chemistry
47:44 Heavy Camel Rider
50:16 Bracer
51:30 Leather Archer Armor
53:30 Ring Archer Armor
53:10 Siege Engineers
75:09 Elite Skirmisher
SirGeorgeWL
9:37 Feudal Age
8:18 Loom
10:18 Double-Bit Axe
11:13 Wheelbarrow
18:43 Fletching
25:51 Castle Age
23:37 Horse Collar
24:40 Padded Archer Armor
24:51 Forging
25:10 Gold Mining
27:08 Hand Cart
28:09 Heated Shot
28:20 Crossbowman
31:00 Bodkin Arrow
31:21 Leather Archer Armor
31:59 Stone Mining
32:45 Gold Shaft Mining
32:29 Leather Archer Armor
38:11 Iron Casting
43:09 Imperial Age
41:15 Bow Saw
43:28 Elite Genitour
44:30 Elite Skirmisher
44:32 Arbalester
45:15 Capped Ram
50:39 Bracer
51:09 Ring Archer Armor
53:05 Ballistics
53:46 Chemistry
52:42 Murder Holes
54:36 Yeomen
62:13 Pikeman
62:55 Squires
63:16 Scale Mail Armor
Connection lost

Rejoining the realm…

Still unreachable

The connection could not be restored.

Session expired

The server has moved on; the page needs a fresh start.